 Dungeon Crawl Stone Soup version 0.31.0-11-ge490571c62 (webtiles) character file.

Game seed: 9985454127324333117

15644 Marvel the Thaumaturge (level 12, -1/54 HPs)
             Began as a Spriggan Conjurer on Feb 8, 2024.
             Was an Elder of Sif Muna.
             Killed from afar by a deep elf knight (33 damage)
             ... with a shard of ice
             ... on level 11 of the Dungeon.
             The game lasted 00:36:17 (15296 turns).

Marvel the Thaumaturge (Spriggan Conjurer)         Turns: 15296, Time: 00:36:17

Health: -1/54      AC:  6    Str:  3    XL:     12   Next: 3%
Magic:  27/30      EV: 18    Int: 31    God:    Sif Muna [****..]
Gold:   859        SH:  5    Dex: 13    Spells: 28/37 levels left

rFire   . . .        v - +2 rapier (venom)
rCold   . . .        (no shield)
rNeg    . . .        R - +0 troll leather armour
rPois   +            (helmet restricted)
rElec   .            G - +2 cloak
rCorr   .            (gloves unavailable)
SInv    +            (boots unavailable)
Will    ++...        w - amulet of reflection
Stlth   +++          Q - ring of poison resistance
HPRegen 1.09/turn    U - +6 ring of intelligence
MPRegen 0.22/turn

%: reflection
@: very quick
A: very small, no large weapons, unfitting armour, see invisible, speed 3
a: Renounce Religion, Channel Magic, Forget Spell, Divine Exegesis


You were on level 11 of the Dungeon.
You worshipped Sif Muna.
Sif Muna was greatly pleased with you.
You visited 2 branches of the dungeon, and saw 12 of its levels.

You collected 859 gold pieces.

Inventory:

Hand Weapons
 l - a +0 short sword
 s - a +2 dagger of venom
 v - a +2 rapier of venom (weapon)
Missiles
 m - 3 throwing nets
 o - 4 curare-tipped darts
 t - 7 boomerangs
Armour
 E - +0 steam dragon scales
 G - a +2 cloak (worn)
 K - +0 acid dragon scales
 R - a +0 troll leather armour (worn)
Jewellery
 w - an amulet of reflection (around neck)
 y - an amulet of guardian spirit
 C - a ring of flight
 O - a ring of positive energy
 Q - a ring of poison resistance (left hand)
 U - a +6 ring of intelligence (right hand)
Wands
 A - a wand of mindburst (31)
 J - a wand of polymorph (7)
 M - a wand of roots (8)
 N - a wand of flame (30)
 P - a wand of charming (11)
Scrolls
 c - a scroll of enchant weapon {unknown}
 e - 2 scrolls of teleportation {unknown}
 h - 4 scrolls of identify {unknown}
 i - 5 scrolls of fear {unknown}
 k - a scroll of brand weapon {unknown}
 n - 3 scrolls of fog {unknown}
 x - 3 scrolls of immolation {unknown}
 B - a scroll of enchant armour {unknown}
 D - 2 scrolls of revelation {unknown}
 H - a scroll of vulnerability {unknown}
 L - 2 scrolls of amnesia {unknown}
 S - a scroll of blinking {unknown}
 T - a scroll of silence {unknown}
Potions
 b - 4 potions of magic
 d - 3 potions of might {unknown}
 f - a potion of enlightenment {unknown}
 g - 5 potions of curing
 j - 4 potions of heal wounds {unknown}
 q - a potion of brilliance {unknown}
 r - a potion of invisibility {unknown}
 u - a potion of mutation {unknown}
 z - a potion of resistance {unknown}
 F - 3 potions of lignification {unknown}
 I - a potion of haste {unknown}


   Skills:
 + Level 2.1 Fighting
 + Level 6.0 Short Blades
 + Level 2.1 Armour
 + Level 6.8 Dodging
 + Level 6.5 Stealth
 + Level 1.6 Shields
 + Level 0.7 Unarmed Combat
 + Level 13.4 Spellcasting
 + Level 8.6 Conjurations
 + Level 7.2 Earth Magic


You had 28 spell levels left.
You knew the following spells:

 Your Spells              Type           Power      Damage    Failure   Level
a - Magic Dart            Conj           100%       1d8       1%          1
b - Stone Arrow           Conj/Erth      100%       3d13      1%          3
c - Passwall              Erth           60%        N/A       1%          3
d - Ensorcelled Hibernat  Hex/Ice        40%        N/A       7%          2

Your spell library contained the following spells:

 Spells                   Type           Power      Damage    Failure   Level
 Sandblast                Erth           100%       2d20      1%          1
 Searing Ray              Conj           100%       2d8       1%          2
 Brom's Barrelling Bould  Conj/Erth      63%        2d8       1%          4
 Iskenderun's Battlesphe  Conj           65%        2d11      3%          5
 Fulminant Prism          Conj/Alch      23%        3d12      8%          4
 Iskenderun's Mystic Bla  Conj/Tloc      47%        2d10      8%          4
 Call Canine Familiar     Summ           20%        N/A       13%         3
 Fugue of the Fallen      Necr           20%        N/A       13%         3
 Ozocubu's Armour         Ice            20%        N/A       13%         3
 Sigil of Binding         Hex            20%        N/A       13%         3
 Swiftness                Air            20%        N/A       13%         3
 Bombard                  Conj/Erth      31%        9d6       26%         6
 Dimensional Bullseye     Hex/Tloc       10%        N/A       41%         4
 Manifold Assault         Tloc           20%        N/A       41%         4
 Spellforged Servitor     Conj/Summ      23%        N/A       99%         7


Dungeon Overview and Level Annotations

Branches:
Dungeon (11/15)            Temple (1/1) D:4            Lair (0/5) D:8
    Orc (0/2) D:10

Altars:
Ashenzari
Cheibriados
Dithmenos
Elyvilon
Fedhas
Gozag
Hepliaklqana
Kikubaaqudgha
Makhleb
Nemelex Xobeh
Okawaru
Qazlal
Ru
Sif Muna
Trog
Uskayaw
Vehumet
Wu Jian
Xom
Yredelemnul
Zin
The Shining One
Jiyva

Shops:
D:8 :

Annotations:
D:11 Urug


Innate Abilities, Weirdness & Mutations

You are very small and have problems with some larger weapons.
You are too small for most types of armour.
You have supernaturally acute eyesight. (SInv)
You cover ground extremely quickly. (Speed+++)


Message History

Casting: Stone Arrow (safe; 1% risk of failure)
Confirm with . or Enter, or press ? or * to list all spells.
Aiming: Ensorcelled Hibernation (safe; 7% risk of failure)
Press: ? - help, Shift-Dir - straight line, f/p - Urug
Aim: Urug, wielding a +1 demon trident of venom, wearing a +3 chain mail of positive energy and quivering javelins (moderately wounded, chance to affect: 35%) Urug looks drowsy...
Urug shouts!
Urug hits you with a +1 demon trident of venom!
You completely miss Urug.
Urug is moderately wounded.
You block Urug's attack.
Urug throws a javelin.
The javelin completely misses you.
Aiming: Stone Arrow (safe; 1% risk of failure)
Press: ? - help, Q - select action, (/) - cycle Shift-Dir - straight line, f - you
Okay, then.
You see here 6 stones.
Aiming: Stone Arrow (safe; 1% risk of failure)
Press: ? - help, Q - select action, (/) - cycle Shift-Dir - straight line, f - Urug
Aim: Urug, wielding a +1 demon trident of venom, wearing a +3 chain mail of positive energy and quivering javelins (moderately wounded, 75% to hit)
The stone arrow misses Urug.
Urug throws a javelin.
The javelin pierces through you!!
Aiming: Stone Arrow (safe; 1% risk of failure)
Press: ? - help, Q - select action, (/) - cycle Shift-Dir - straight line, f/p - Urug
Aim: Urug, wielding a +1 demon trident of venom, wearing a +3 chain mail of positive energy and quivering javelins (moderately wounded, 75% to hit)
Okay, then.
You see here 6 stones.
Things that are here:
a +0 shortbow; a +0 leather armour You see here a +0 whip.
The deep elf knight shouts!
Aiming: Stone Arrow (safe; 1% risk of failure)
Press: ? - help, Q - select action, (/) - cycle Shift-Dir - straight line, f - deep elf knight, p - Urug
Aim: a deep elf knight, wielding a +0 short sword and wearing a +0 buckler (58% to hit)
The deep elf knight blocks the stone arrow.
The deep elf knight points at you and mumbles some strange words.
The shard of ice hits you!!
The deep elf knight points at you and mumbles some strange words.
The shard of ice hits you!!
Ouch! That really hurt!
You die...

##.... ..# #.......# ..
#.......##.#
###+######..###..##.####
............#(#........###
...........e###...........
..........o............#
.......................#
..........####..@......#
.......... ####.))...#
..)....... ###.####
##'####### #...# #....#
#######.# ####.# #.#...).#
# #####.#####
###.#.#.#.###.#
..........#
#..(..#.#..)..#
......<...#
#.#####.#.#####


You could see Urug, a deep elf knight and a +5 great sword.

Vanquished Creatures
  Harold (D:9)
  Erolcha (D:9)
  4 two-headed ogres
  A deep elf knight (D:11)
  The ghost of CapUranus the Basher, a novice GrRe of Gozag (D:9)
  Amaemon (D:8)
  2 deep elf pyromancers
  Maurice (D:8)
  An orange demon (D:8)
  A gargoyle (D:11)
  Maggie (D:7)
  4 trolls
  A hornet (D:10)
  2 slime creatures (D:9)
  2 wraiths
  A vampire (D:11)
  A wyvern (D:8)
  A yak (D:8)
  A fire bat (D:6)
  2 steam dragons
  An acid dragon (D:8)
  Edmund (D:5)
  3 water moccasins
  A black bear (D:5)
  2 sky beasts
  6 orc warriors
  2 ice beasts
  5 centaurs
  6 kobold brigands
  A phantom (D:4)
  Blork the orc (D:4)
  A gnoll sergeant (D:10)
  4 scorpions
  6 bullfrogs
  5 wights
  15 killer bees
  A vampire bat (D:3)
  3 howler monkeys
  A bombardier beetle (D:4)
  4 orc priests
  3 hounds
  5 jellies
  2 sleepcaps
  5 iguanas
  Natasha (thrice) (D:4)
  13 orc wizards
  7 gnolls
  5 adders
  3 shadow imps
  2 white imps
  6 ufetubi
  6 dart slugs
  32 orcs
  6 bats
  A bat skeleton (D:3)
  4 bat zombies (D:3)
  6 endoplasms
  12 goblins
  4 hobgoblins
  3 jackals (D:1)
  26 kobolds
  7 quokkas
  5 ball pythons
  8 frilled lizards
  2 rats (D:1)
275 creatures vanquished.

Vanquished Creatures (others)
  Erica (D:8)
  An orc wizard (D:8)
  2 orcs (D:8)
4 creatures vanquished.

Grand Total: 279 creatures vanquished

Notes
Turn   | Place    | Note
-------+----------+-------------------------------------------
     0 | D:1      | Marvel the Spriggan Conjurer began the quest for the Orb.
     0 | D:1      | Reached XP level 1. HP: 9/9 MP: 5/5
   297 | D:1      | Reached XP level 2. HP: 13/13 MP: 3/6
   602 | D:1      | Reached skill level 3 in Spellcasting
   846 | D:1      | Reached XP level 3. HP: 16/16 MP: 4/8
  1900 | D:2      | Identified the +1 pair of boots of the Gate {Str+2 Int+5}
  1931 | D:2      | Reached XP level 4. HP: 21/21 MP: 6/10
  2865 | D:3      | Reached skill level 4 in Spellcasting
  2865 | D:3      | Reached XP level 5. HP: 24/24 MP: 5/12
  3385 | D:3      | Found an ancient bone altar of Kikubaaqudgha.
  3488 | D:4      | Identified the +1 ring mail of Silly Mirth {rPois Int-2
                  | Dex+4}
  3545 | D:4      | Found a staircase to the Ecumenical Temple.
  3588 | Temple   | Entered the Ecumenical Temple
  3620 | Temple   | Became a worshipper of Sif Muna the Loreminder
  3679 | D:4      | Noticed a phantom
  3691 | D:4      | Killed a phantom
  3692 | D:4      | Reached skill level 1 in Short Blades
  3692 | D:4      | Reached XP level 6. HP: 21/28 MP: 4/14
  3934 | D:4      | Noticed Natasha
  3941 | D:4      | Killed Natasha
  3942 | D:4      | Reached skill level 5 in Spellcasting
  4016 | D:4      | Noticed Blork the orc
  4029 | D:4      | Killed Blork the orc
  4115 | D:4      | Noticed Natasha
  4411 | D:4      | Killed Natasha
  4412 | D:4      | Reached XP level 7. HP: 32/32 MP: 11/15
  4513 | D:4      | Noticed Natasha
  4584 | D:4      | Killed Natasha
  4687 | D:5      | Entered Level 5 of the Dungeon
  5150 | D:5      | Found an iron altar of Okawaru.
  5192 | D:5      | Noticed a steam dragon
  5194 | D:5      | Killed a steam dragon
  5195 | D:5      | Reached skill level 6 in Spellcasting
  5233 | D:5      | Learned a level 3 spell: Stone Arrow
  5336 | D:5      | Reached skill level 5 in Stealth
  5336 | D:5      | Reached skill level 5 in Conjurations
  5336 | D:5      | Reached XP level 8. HP: 37/37 MP: 12/18
  5389 | D:5      | Reached * piety under Sif Muna
  5390 | D:5      | Reached skill level 1 in Fighting
  5441 | D:5      | Noticed Edmund
  5455 | D:5      | Killed Edmund
  5565 | D:5      | Reached skill level 7 in Spellcasting
  5984 | D:5      | Reached skill level 5 in Dodging
  6543 | D:5      | Reached skill level 1 in Shields
  6953 | D:6      | Noticed a two-headed ogre
  6964 | D:6      | Killed a two-headed ogre
  6965 | D:6      | Reached skill level 5 in Short Blades
  6965 | D:6      | Reached skill level 8 in Spellcasting
  6965 | D:6      | Reached skill level 1 in Earth Magic
  6965 | D:6      | Reached XP level 9. HP: 42/42 MP: 6/22
  7258 | D:6      | Found a shimmering altar of Xom.
  7655 | D:7      | Found a sparkling altar of Nemelex Xobeh.
  7718 | D:7      | Reached skill level 9 in Spellcasting
  8083 | D:7      | Noticed Maggie
  8093 | D:7      | Killed Maggie
  8614 | D:8      | Found Eviesk's Book Boutique.
  8666 | D:8      | Noticed Maurice
  8679 | D:8      | Noticed a two-headed ogre
  8948 | D:8      | Noticed Amaemon
  8948 | D:8      | Noticed an orange demon
  9303 | D:8      | Killed an orange demon
  9303 | D:8      | Reached ** piety under Sif Muna
  9304 | D:8      | Reached XP level 10. HP: 46/46 MP: 6/24
  9356 | D:7      | Reached skill level 10 in Spellcasting
  9588 | D:8      | Noticed Erica
  9595 | D:8      | Killed Erica
  9842 | D:8      | Killed Amaemon
  9843 | D:8      | Reached skill level 1 in Armour
  9890 | D:8      | Killed Maurice
  9954 | D:8      | Found a staircase to the Lair.
 10006 | D:8      | Reached skill level 11 in Spellcasting
 10101 | D:8      | Noticed a deep elf pyromancer
 10102 | D:8      | Noticed a two-headed ogre
 10169 | D:8      | Killed a deep elf pyromancer
 10471 | D:8      | Killed a two-headed ogre
 10562 | D:8      | Killed a two-headed ogre
 10563 | D:8      | Reached skill level 5 in Earth Magic
 10736 | D:8      | Reached XP level 11. HP: 50/50 MP: 12/27
 11295 | D:9      | Noticed Erolcha
 11299 | D:9      | Found a blossoming altar of Fedhas.
 11305 | D:9      | Killed Erolcha
 11306 | D:9      | Reached skill level 12 in Spellcasting
 11454 | D:9      | Reached *** piety under Sif Muna
 12196 | D:9      | Found a runed translucent gate.
 12196 | D:9      | Found a runed translucent gate.
 12197 | D:9      | Found a runed translucent gate.
 12197 | D:9      | Noticed CapUranus's ghost (novice GrRe)
 12200 | D:9      | Found a viscous altar of Jiyva.
 12532 | D:9      | Noticed a two-headed ogre
 12542 | D:9      | Killed a two-headed ogre
 12638 | D:9      | Noticed Harold
 12881 | D:9      | Killed CapUranus's ghost
 13026 | D:9      | Killed Harold
 13324 | D:10     | Entered Level 10 of the Dungeon
 13916 | D:10     | Reached **** piety under Sif Muna
 13948 | D:10     | Found a staircase to the Orcish Mines.
 14101 | D:10     | Learned a level 3 spell: Passwall
 14297 | D:10     | Reached skill level 13 in Spellcasting
 14876 | D:11     | Noticed a deep elf pyromancer
 14881 | D:11     | Killed a deep elf pyromancer
 14885 | D:11     | Learned a level 2 spell: Ensorcelled Hibernation
 15066 | D:11     | Noticed a +5 great sword
 15072 | D:11     | Noticed a deep elf knight
 15089 | D:11     | Killed a deep elf knight
 15090 | D:11     | Reached XP level 12. HP: 43/54 MP: 8/30
 15211 | D:11     | Noticed Urug
 15296 | D:11     | Killed from afar by a deep elf knight

Illustrated notes

Levels and vault maps discovered:
D:1:      mrwooster_arrival_statue, layout_loops_ring, minmay_pentomino_r2
D:2:      cheibrodos_helix_gallery, layout_basic
D:3:      layout_rooms, kennysheep_vampire_church, corexii_leaking_fountain
D:4:      layout_cave_pools, minmay_temple_entry_statues_pillars, uniq_natasha,
          uniq_blork_the_orc
D:5:      layout_loops_corners, kennysheep_mini_moat, minmay_misc_feat_hallway,
          uniq_edmund
D:6:      layout_loops_ring, regret_index_xom_of_box
D:7:      layout_basic, nemelex_altar_shiori, uniq_maggie
D:8:      minmay_recursive_quarters, layout_basic, serial_shops, shop,
          minmay_joined_circles, uniq_maurice, uniq_erica, uniq_amaemon
D:9:      layout_small_grid, fedhas_bush_and_centaur_altar,
          gammafunk_ghost_ooze, uniq_harold, uniq_erolcha
D:10:     layout_long_grid, hiddenorc1_lemuel
D:11:     layout_roguey, sword_in_stone
Temple:   minmay_crystal_spiral_temple

Skill      XL: |  1  2  3  4  5  6  7  8  9 10 11 |
---------------+----------------------------------+-----
Conjurations   | 3 4 5 6 7 8 |  8.6
Spellcasting   | 3 4 5 6 8 9 11 13 | 13.4
Dodging        | 3 4 5 6 |  6.8
Short Blades   | 1 2 3 5 6 |  6.0
Stealth        | 4 5 6 |  6.5
Fighting       | 1 2 |  2.1
Shields        | 1 |  1.6
Earth Magic    | 1 3 5 7 |  7.2
Armour         | 1 2 |  2.1
Unarmed Combat | |  0.7

Action                     |  1- 3 |  4- 6 |  7- 9 | 10-12 || total
---------------------------+-------+-------+-------+-------++-------
  Melee: Unarmed           |    18 |       |       |       ||    18
         Short sword       |     1 |       |       |       ||     1
         Dagger            |       |     5 |       |       ||     5
         Rapier            |       |    30 |    64 |    86 ||   180
         Punch             |       |       |       |     1 ||     1
   Cast: Magic Dart        |   103 |   126 |    77 |       ||   306
         Stone Arrow       |       |       |    81 |   225 ||   306
         Ensorcelled Hiber |       |       |       |     2 ||     2
    Use: Potion            |       |       |     1 |       ||     1
   Stab: Sleeping          |     1 |     3 |     4 |     4 ||    12
 Armour: Robe              |     8 |    28 |     4 |       ||    40
         Steam dragon scal |       |       |    27 |       ||    27
         Acid dragon scale |       |       |    12 |    38 ||    50
         Troll leather arm |       |       |       |    34 ||    34
  Dodge: Dodged            |    28 |    52 |    81 |    92 ||   253
  Block: Other             |       |     2 |    24 |    28 ||    54
         Reflection        |       |       |     3 |     3 ||     6
